 Dungeon Crawl Stone Soup version 0.32-a0-131-g9dbbe29261 (webtiles) character file.

Game seed: 808340875924783535

28 Esekla the Sneak (level 3, -2/26 HPs)
             Began as an Octopode Delver on Feb 8, 2024.
             Slain by a hound (6 damage)
             ... on level 5 of the Dungeon.
             The game lasted 00:02:33 (73 turns).

Esekla the Sneak (Octopode Delver)                    Turns: 73, Time: 00:02:34

Health: -2/26      AC:  1    Str: 11    XL:     3   Next: 12%
Magic:  3/3        EV: 13    Int: 14    God:
Gold:   0          SH:  0    Dex: 13    Spells: 3/3 levels left

rFire   . . .        a - +0 falchion
rCold   . . .        (no shield)
rNeg    . . .        (helmet restricted)
rPois   .            (no amulet)
rElec   .            (no ring)
rCorr   .            (no ring)
SInv    .            (no ring)
Will    .....        (no ring)
Stlth   ++++         (no ring)
HPRegen 0.24/turn    (no ring)
MPRegen 0.08/turn    (no ring)
                     (no ring)

%: no passive effects
@: no status effects
A: almost no armour, amphibious, 8 rings, camouflage 1, gelatinous body 1,
(nimble swimmer 1), tentacles
a: no special abilities


You were on level 5 of the Dungeon.
You visited 1 branch of the dungeon, and saw 1 of its levels.

Inventory:

Hand Weapons
 a - a +0 falchion (weapon)
Wands
 f - a wand of digging (3)
Scrolls
 b - a scroll of fog
Potions
 e - a potion of haste


   Skills:
 * Level 3.2 Fighting
 + Level 2.1 Long Blades
 * Level 2.2 Dodging
 + Level 7.1 Stealth
 * Level 0.6 Spellcasting


You had 3 spell levels left.
You didn't know any spells.
Your spell library was empty.

Dungeon Overview and Level Annotations

Branches:
Dungeon (5/15)
 Temple: D:4-7

Altars:
Makhleb

Annotations:
D:5 Menkaure


Innate Abilities, Weirdness & Mutations

You cannot wear most types of armour.
You are amphibious.
You can wear up to eight rings at the same time.
Your skin changes colour to match your surroundings (Stealth+).
Your rubbery body absorbs attacks. (AC +1, EV +1)
((You are camouflaged when in or above water. (Stealth+)))
You have tentacles for arms and can constrict up to eight enemies at once.


Message History

You hit the hound.
Your attack snaps the hound out of its fear.
Your grab misses the hound.
You squeeze the hound, but do no damage.
The hound is moderately wounded.
The hound misses you. The hound bites you.
You hit the hound. You grab the hound.
The hound is severely wounded.
You constrict the hound, but do no damage.
A hound comes into view.
The hound closely misses you.
You hit the hound. Your squeeze misses the hound.
The hound is almost dead.
You constrict the hound, but do no damage.
The hound bites you but does no damage.
The hound stops to sniff the ground.
The hound closely misses you.
You hit the orc but do no damage. You grab the orc. You constrict the hound.
You kill the hound!
You constrict the orc, but do no damage.
The orc hits you with a +0 short sword.
Your Stealth skill increases to level 7!
You have reached level 2!
You have reached level 3!
Your experience leads to an increase in your attributes!
Increase (S)trength, (I)ntelligence, or (D)exterity?
You feel clever. x2
You closely miss the hound. Your grab misses the hound.
The sentinel's mark upon you fades away.
You constrict the orc. The hound bites you. The orc closely misses you.
The hound bites you.
* * * LOW HITPOINT WARNING * * *
Okay, then.
Okay, then.
You closely miss the hound. Your grab misses the hound.
Your squeeze misses the hound. You constrict the orc. The hound misses you.
The orc hits you with a +0 short sword.
* * * LOW HITPOINT WARNING * * *
The hound bites you.
You die...

****,*,,,,,,,*,,,,,,,,,,....^....
,,,,,*,,,,,,,*,,,,,,,,,,.......>.
,,,,,*,,,,,,,*,,,,,,,,,,###+##...
,,,,,*,,,,,,,*,,.....,..###+#....
,,,,,*,,,,,,,,,*,.......#.......#
,,,,,,,,,,,,**,*,,...#.##.......#
,***,,,,,**+*####*#..#.#........#
,,,,,,,,,<,*##..###....#........#
,,,,,,,,,,###..h@##....#.....[...
,,,,,*,,,##...†o###....####......
,,,,,*,,##.l#..## #....# #......
,,,,,*,,#..##### ###.#.####......
,,,,,+,,##o.### #...#......####.
,,,,,*,,*##...######.######## *.
,,,,,,,,,*##....##l..# **
,,,,,,*****##..h.##..#
***+*,,,,,,,##...##..#


You could see an iguana, a hound and an orc.

Vanquished Creatures
  A hound (D:5)
1 creature vanquished.

Notes
Turn   | Place    | Note
-------+----------+-------------------------------------------
     0 | D:5      | Esekla the Octopode Delver began the quest for the Orb.
     0 | D:5      | Reached XP level 1. HP: 16/16 MP: 1/1
    11 | D:5      | Noticed Menkaure
    41 | D:5      | Noticed an iguana
    48 | D:5      | Noticed a hound
    56 | D:5      | Found a burning altar of Makhleb.
    69 | D:5      | Noticed a hound
    71 | D:5      | Killed a hound
    72 | D:5      | Reached skill level 7 in Stealth
    72 | D:5      | Reached XP level 2. HP: 7/21 MP: 2/2
    72 | D:5      | Reached XP level 3. HP: 9/26 MP: 3/3
    73 | D:5      | Slain by a hound

Illustrated notes

Levels and vault maps discovered:
D:5:      layout_basic, makhleb_blood_cavern_becter, nicolae_shop_gadgets,
          uniq_menkaure

Skill      XL: |  1 |
---------------+----+-----
Stealth        | 7 |  7.1
Fighting       | |  3.2
Long Blades    | |  2.1
Dodging        | |  2.2
Spellcasting   | |  0.6

Action                     || total
---------------------------++-------
  Melee: Falchion          ||     6
         Constrict         ||     2
         Tentacles         ||     1
    Use: Scroll            ||     2
 Armour: Skin              ||    10
  Dodge: Dodged            ||     7

Table legend: (Time is in decaauts)
 A = Elapsed time spent in this place.
 B = Non-inter-level travel time spent in this place.
 C = Inter-level travel time spent in this place.
 D = Time resting spent in this place.
 E = Time spent auto-exploring this place.
 F = Levels seen in this place.
 G = Mean time per level.
                   A        B        C        D        E       F      G
               +--------+--------+--------+--------+--------+-----+--------+
         Total |     74 |     74 |      0 |      3 |      0 |   1 |   74.0 |
       Dungeon |     74 |     74 |      0 |      3 |      0 |   1 |   74.0 |
               +--------+--------+--------+--------+--------+-----+--------+

Top non-repeatable levels by time:
     D:5: 74 daAuts
